 Dungeon Crawl Stone Soup version 0.26.0-45-g9c1d065592 (webtiles) character file.

Game seed: 10206052361939881017

(classic levelgen) 115 thiole the Magician (level 5, -1/34 HPs)
             Began as an Octopode Hedge Wizard on Jan 27, 2021.
             Slain by an orc priest
             ... wielding a +0 club
              (4 damage)
             ... on level 3 of the Dungeon.
             The game lasted 00:15:15 (2804 turns).

thiole the Magician (Octopode Hedge Wizard)         Turns: 2804, Time: 00:15:15

Health: -1/34      AC:  1    Str: 10    XL:     5   Next: 0%
Magic:  7/9        EV: 13    Int: 17    God:
Gold:   165        SH:  0    Dex: 11    Spells: 2/10 levels left

rFire    . . .     SeeInvis .   t - +2 spear (vorpal)
rCold    . . .     Faith    .   (no shield)
rNeg     . . .     Spirit   .   b - +0 hat
rPois    .         Reflect  .   (no amulet)
rElec    .         Harm     .   (no ring)
rCorr    .         Rampage  .   (no ring)
Will     .....                  (no ring)
Stlth    +++.......             (no ring)
HPRegen  0.11/turn              (no ring)
MPRegen  0.11/turn              (no ring)
                                (no ring)
                                (no ring)

@: no status effects
A: almost no armour, stealthy swim, amphibious, 8 rings, constrict 8, camouflage
1, gelatinous body 1
a: no special abilities


You were on level 3 of the Dungeon.
You visited 1 branch of the dungeon, and saw 3 of its levels.

You collected 165 gold pieces.

Inventory:

Hand Weapons
 a - a +0 dagger
 e - a +0 whip
 t - a +2 vorpal spear (weapon)
Missiles
 k - 78 stones
 n - 10 sling bullets
Armour
 b - a +0 hat (worn)
Jewellery
 l - an uncursed ring of ice
Wands
 r - a wand of paralysis (1)
 v - a wand of iceblast (2)
 w - a wand of flame (19)
Scrolls
 d - 3 scrolls of remove curse
 f - a scroll of immolation {unknown}
 g - 2 scrolls of teleportation {unknown}
 i - 2 scrolls of identify {unknown}
 m - a scroll of random uselessness {unknown}
 p - a scroll of amnesia {unknown}
 q - 2 scrolls of fear {unknown}
 s - a scroll of enchant armour {unknown}
Potions
 c - a potion of degeneration {unknown}
 h - a potion of haste {unknown}
 j - a potion of might {unknown}
 o - a potion of attraction {unknown}
 u - 2 potions of curing {unknown}


   Skills:
 - Level 2.0 Fighting
 - Level 2.0 Dodging
 - Level 2.6 Stealth
 - Level 3.0 Spellcasting
 - Level 3.0 Conjurations
 - Level 2.0 Summonings
 - Level 1.0 Translocations
 * Level 1.6 Air Magic


You had 2 spell levels left.
You knew the following spells:

 Your Spells              Type           Power        Failure   Level
a - Magic Dart            Conj           48%          4%          1
b - Call Imp              Summ           9%           12%         2
c - Blink                 Tloc           N/A          17%         2
d - Mephitic Cloud        Conj/Pois/Air  7%           28%         3

Your spell library contained the following spells:

 Spells                   Type           Power        Failure   Level
 Slow                     Hex            2%           26%         2
 Conjure Flame            Conj/Fire      7%           28%         3


Dungeon Overview and Level Annotations

Branches:
Dungeon (3/15)

Altars:

Annotations:
D:2 Sigmund
D:3 1 runed translucent door, thiole's ghost, amateur OpWz


Innate Abilities, Weirdness & Mutations

You cannot wear most types of armour.
You are very stealthy in the water. (Stealth+)
You are amphibious.
You can wear up to eight rings at the same time.
You can use your tentacles to constrict eight enemies at once.
Your skin changes colour to match your surroundings (Stealth+).
Your rubbery body absorbs attacks. (AC +1, EV +1)


Message History

Confirm with . or Enter, or press ? or * to list all spells.
Aiming: Magic Dart (safe; 4% risk of failure)
Press: ? - help, Shift-Dir - straight line, f/p - orc priest
Aim: an orc priest, wielding a +0 club and wearing a +0 scale mail (moderately wounded, constricted by you, 0% to evade)
The magic dart hits the orc priest but does no damage.
The orc priest is moderately wounded.
You constrict the orc priest.
The orc priest calls down the wrath of Beogh upon you.
Pain shoots through your body!
* * * LOW HITPOINT WARNING * * *
Casting: Magic Dart (safe; 4% risk of failure)
Confirm with . or Enter, or press ? or * to list all spells.
Aiming: Magic Dart (safe; 4% risk of failure)
Press: ? - help, Shift-Dir - straight line, f/p - orc priest
Aim: an orc priest, wielding a +0 club and wearing a +0 scale mail (moderately wounded, constricted by you, 0% to evade)
The magic dart hits the orc priest but does no damage.
The orc priest is moderately wounded.
You constrict the orc priest, but do no damage.
The orc priest hits you with a +0 club.
You die...

###### ####### #..... #.....#
#######..... ..♣
#.....######.....#..... .. .
#......#P.#............ ..♣♣
..####....o.#8!+......#.....
.♣.♣.....o..<.##@#PW#......#.....
...o..###..#####.#####.....#.....
.o. #...........##......#.....
.###......########.#..###.#######
...oo.## #......# #.## # .####..
#.....[# #..# ### .# #######
#......# ##.####.. ####..##≈#
#......# #......# .....###≈##
#......# #..#####


You could see an orc priest.

Vanquished Creatures
  Ijyb (D:3)
  An adder (D:2)
  A worm (D:2)
  2 dart slugs (D:1)
  2 leopard geckos
  4 bats
  A giant cockroach (D:2)
  10 goblins
  5 hobgoblins
  6 jackals
  7 kobolds
  A ball python (D:3)
  2 frilled lizards
  2 rats
45 creatures vanquished.

Vanquished Creatures (collateral kills)
  Robin (D:3)
  2 adders
  2 goblins
  3 hobgoblins (D:3)
8 creatures vanquished.

Grand Total: 53 creatures vanquished

Notes
Turn   | Place    | Note
-------+----------+-------------------------------------------
     0 | D:1      | thiole the Octopode Hedge Wizard began the quest for the
                  | Orb.
     0 | D:1      | Reached XP level 1. HP: 11/11 MP: 4/4
   408 | D:1      | Reached XP level 2. HP: 11/17 MP: 0/6
   528 | D:1      | Learned a level 2 spell: Call Imp
   846 | D:1      | Reached XP level 3. HP: 21/21 MP: 2/7
  1306 | D:2      | Reached skill level 1 in Fighting
  1633 | D:2      | Noticed Sigmund
  1876 | D:2      | Reached XP level 4. HP: 28/29 MP: 1/8
  2059 | D:3      | Noticed Ijyb
  2256 | D:3      | Killed Ijyb
  2484 | D:3      | Noticed Robin
  2527 | D:3      | Reached skill level 1 in Air Magic
  2529 | D:3      | Killed Robin
  2747 | D:3      | Reached XP level 5. HP: 34/34 MP: 9/9
  2751 | D:3      | Learned a level 2 spell: Blink
  2755 | D:3      | Learned a level 3 spell: Mephitic Cloud
  2765 | D:3      | Found a runed translucent door.
  2765 | D:3      | Noticed thiole's ghost (amateur OpWz)
  2804 | D:3      | Slain by an orc priest

Illustrated notes

Levels and vault maps discovered:
D:1:      dpeg_arrival_round_c, layout_basic
D:2:      layout_loops_corners, uniq_sigmund, uniq_terence
D:3:      layout_rooms, serial_rivers, chequers_serial_rivers_small_b,
          chequers_serial_rivers_large_a, chequers_serial_rivers_micro_a,
          chequers_serial_rivers_small_3, chequers_serial_rivers_small_a,
          chequers_serial_rivers_small_3, gammafunk_ghost_grave,
          chequers_garden, uniq_robin, uniq_ijyb

Skill      XL: |  1  2  3  4 |
---------------+-------------+-----
Conjurations   | 2 3 |  3.0
Fighting       | 1 2 |  2.0
Summonings     | 2 |  2.0
Air Magic      | 1 |  1.6
Dodging        | |  2.0
Stealth        | |  2.6
Spellcasting   | |  3.0
Translocations | |  1.0

Action                   |  1- 3 |  4- 6 || total
-------------------------+-------+-------++-------
Melee: Dagger            |    23 |       ||    23
       Constrict         |     8 |     4 ||    12
       Tentacles         |     6 |     4 ||    10
       Spear             |     4 |    19 ||    23
 Cast: Magic Dart        |    68 |    17 ||    85
       Call Imp          |     4 |     1 ||     5
Evoke: Wand              |       |     6 ||     6
  Use: Scroll            |     1 |       ||     1
 Stab: Sleeping          |     1 |     1 ||     2
       Paralysed         |       |     3 ||     3
Armor: Skin              |     7 |     1 ||     8
Dodge: Dodged            |    26 |    10 ||    36
